cohdb
Replays
Latest Replays
All Replays
Popular Replays
Top Player Replays
Match Explorer
How It Works
Community
CoH3 Stats
Reddit
Sign in to upload your games and track your stats! →
Sign in with Steam
Match 45949811
Unlisted
Match 45949811
Overview
Messages
Build Orders
End
Scout Squad
Scout Squad
Construct Weapon Support Center
Selects Armored Battlegroup
Selects Veteran Crews
M1919 Machine Gun Team
M1919 Machine Gun Team
Infantry Support Center
M3 Armored Personnel Carrier
Selects Fast Deploy
Bazooka Squad
M3 Armored Personnel Carrier
M3 Armored Personnel Carrier
Engineer Squad
Engineer Squad
Construct Medical Station
M1919 Machine Gun Team
Construct Motor Pool
Selects Field Repairs
Selects War Machine
M8 Greyhound Armored Car
M8 Greyhound Armored Car
小芙丽娅
FeriG
0
0
Comments
sign in to comment!
No comments posted yet!